 Dungeon Crawl Stone Soup version 0.23.2-1-ga50397a (webtiles) character file.

Game seed: 8215796771655334235

175 whitewolfNL the Ruffian (level 5, -3/53 HPs)
             Began as a Troll Berserker on May 7, 2019.
             Was a Believer of Trog.
             Slain by a river rat (7 damage)
             ... on level 3 of the Dungeon.
             The game lasted 00:08:20 (2157 turns).

whitewolfNL the Ruffian (Troll Berserker)           Turns: 2157, Time: 00:08:21

Health: -3/53      AC:  6    Str: 25    XL:     5   Next: 29%
Magic:  4/4        EV: 10    Int:  3    God:    Trog [**....]
Gold:   157        SH:  0    Dex: 10    Spells: 4/4 levels left

rFire    . . .     SeeInvis .   i - -2 mace (curse)
rCold    . . .     Gourm    +   (no shield)
rNeg     . . .     Faith    .   a - +0 animal skin
rPois    .         Spirit   .   (helmet restricted)
rElec    .         Reflect  .   (no cloak)
rCorr    .         Harm     .   (gloves unavailable)
MR       .....                  (boots unavailable)
Stlth    +.........             (no amulet)
HPRegen  0.57/turn              (no ring)
MPRegen  0.09/turn              (no ring)

@: lethally poisoned (-3 -> -4), berserk cooldown, slowed, very slow
A: large, unfitting armour, claws 3, fast metabolism 3, gourmand, regeneration
1, shaggy fur 1, tough skin 3
a: Berserk, Trog's Hand, Renounce Religion


You were on level 3 of the Dungeon.
You worshipped Trog.
Trog was pleased with you.
You were full.

You visited 1 branch of the dungeon, and saw 3 of its levels.

You collected 157 gold pieces.

Inventory:

Hand Weapons
 e - a +0 blowgun
 i - a cursed -2 mace (weapon)
Missiles
 d - 10 poisoned needles
 f - 60 stones (quivered)
 g - 36 arrows
 m - 8 tomahawks
 q - a throwing net
Armour
 a - a +0 animal skin (worn)
Jewellery
 u - an uncursed ring of see invisible {unknown}
Scrolls
 c - 4 scrolls of teleportation
 n - 2 scrolls of blinking
 r - a scroll of enchant weapon {unknown}
 t - 2 scrolls of identify
Potions
 h - 2 potions of flight {unknown}
 k - a potion of haste
 o - a potion of degeneration
 p - a potion of lignification {unknown}
 s - a potion of curing {unknown}
Comestibles
 b - 4 rations
 j - 4 chunks of flesh


   Skills:
 * Level 3.2 Fighting
 + Level 0.9 Maces & Flails
 * Level 1.5 Throwing
 + Level 3.0 Dodging
 * Level 0.7 Stealth
 + Level 4.0 Unarmed Combat


You had 4 spell levels left.
You didn't know any spells.
Your spell library was empty.

Dungeon Overview and Level Annotations

Branches:
Dungeon (3/15)

Altars:
Cheibriados


Innate Abilities, Weirdness & Mutations

You are too large for most types of armour.
You have claws for hands.
Your metabolism is lightning-fast.
You like to eat raw meat.
Your natural rate of healing is unusually fast.
You are covered in fur. (AC +1)
You have extremely tough skin. (AC +3)


Message History

The adder is heavily wounded.
You feel sick. The adder barely misses you. The adder bites you.
You are more poisoned.
The adder poisons you! The river rat misses you. The adder barely misses you.
The river rat bites you.
You sock the adder!
You kill the adder!
Trog accepts your kill.
Your Dodging skill increases to level 3!
You feel sick.
The river rat bites you but does no damage. x2
You barely miss the river rat.
You feel sick. The river rat barely misses you. The river rat misses you.
You closely miss the river rat.
You feel sick. The river rat completely misses you. The river rat bites you.
* * * LOW HITPOINT WARNING * * *
You hit the river rat but do no damage.
You feel sick. The river rat bites you!
* * * LOW HITPOINT WARNING * * *
The river rat bites you!
You die...

#.# #..#
#...>.## #.#
#### ##≈≈...#
##.## #≈≈≈..# #
###...##
###≈#...###.###.
##.....##
≈≈#≈≈≈..........
........#
##≈#≈#≈...######
##.....##
wr#≈≈≈≈..#
##.#.###
#r#≈#≈?..#
#.###..#
#@#≈#≈...#
##.#.###
#≈†≈#....# ##.##
#####....# ###
.......
..###.... ###
#####


You could see a worm and 2 river rats.

Vanquished Creatures
  4 gnolls (D:2)
  3 adders (D:3)
  A river rat (D:3)
  8 worms
  A dart slug (D:1)
  2 leopard geckos (D:2)
  8 orcs (D:3)
  7 bats
  3 giant cockroaches
  3 goblins (D:2)
  5 hobgoblins
  7 jackals
  2 quokkas (D:2)
  A frilled lizard (D:2)
  5 kobolds
  6 rats
66 creatures vanquished.

Notes
Turn   | Place    | Note
-------+----------+-------------------------------------------
     0 | D:1      | whitewolfNL the Troll Berserker began the quest for the
                  | Orb.
     0 | D:1      | Reached XP level 1. HP: 22/22 MP: 0/0
   345 | D:1      | Reached XP level 2. HP: 29/29 MP: 1/1
   886 | D:2      | Reached XP level 3. HP: 28/36 MP: 2/2
  1167 | D:2      | Reached ** piety under Trog
  1167 | D:2      | Reached skill level 1 in Throwing
  1167 | D:2      | Reached XP level 4. HP: 45/45 MP: 3/3
  1598 | D:2      | Found a snail-covered altar of Cheibriados.
  2063 | D:3      | Reached skill level 4 in Unarmed Combat
  2070 | D:3      | Reached XP level 5. HP: 46/53 MP: 4/4
  2157 | D:3      | Slain by a river rat

Skill      XL: |  1  2  3  4  5 |
---------------+----------------+-----
Fighting       | 3 |  3.2
Throwing       | 1 |  1.5
Unarmed Combat | 4 |  4.0
Dodging        | 3 |  3.0
Maces & Flails | |  0.9
Stealth        | |  0.7

Action                   |  1- 3 |  4- 6 || total
-------------------------+-------+-------++-------
Melee: Unarmed           |    70 |    25 ||    95
       Mace              |       |   105 ||   105
       Punch             |       |     1 ||     1
Invok: Berserk           |     2 |     3 ||     5
  Use: Scroll            |       |     8 ||     8
       Potion            |       |     2 ||     2
 Stab: Sleeping          |     1 |       ||     1
  Eat: Chunk             |    17 |    10 ||    27
Armor: Animal skin       |    33 |    48 ||    81
Dodge: Dodged            |    36 |    74 ||   110
